 Dungeon Crawl Stone Soup version 0.29.0-4-gdea44cf6ec (webtiles) character file.

Game seed: 16802833146797297170

108 qw the Chopper (level 4, -3/26 HPs)
             Began as a Tengu Warper on Aug 28, 2022.
             Slain by an orc priest
             ... wielding a +0 dagger
              (5 damage)
             ... on level 3 of the Dungeon.
             The game lasted 00:00:14 (3023 turns).

qw the Chopper (Tengu Warper)                       Turns: 3023, Time: 00:00:14

Health: -3/26      AC:  9    Str: 14    XL:     4   Next: 87%
Magic:  8/8        EV: 11    Int: 13    God:
Gold:   59         SH:  0    Dex: 13    Spells: 7/7 levels left

rFire   . . .      SeeInvis .   Y - +0 hand axe
rCold   . . .      Faith    .   (no shield)
rNeg    . . .      Spirit   .   f - +0 ring mail
rPois   .          Reflect  .   (helmet restricted)
rElec   .          Harm     .   (no cloak)
rCorr   .          Rampage  .   (no gloves)
Will    .....                   (boots unavailable)
Stlth   +.........              (no amulet)
HPRegen 0.08/turn               e - +4 ring of protection
MPRegen 0.11/turn               (no ring)

@: about to teleport
A: beak, talons 3
a: no special abilities


You were on level 3 of the Dungeon.
You visited 1 branch of the dungeon, and saw 3 of its levels.

You collected 59 gold pieces.


Innate Abilities, Weirdness & Mutations

You have a beak for a mouth.
You have claws for feet.


   Skills:
 - Level 2.0 Fighting
 + Level 5.4 Axes
 - Level 1.0 Throwing
 - Level 1.1 Armour
 - Level 2.1 Dodging
 - Level 2.0 Spellcasting
 - Level 2.4 Translocations


You had 7 spell levels left.
You didn't know any spells.
Your spell library contained the following spells:

 Spells                   Type           Power      Damage    Failure   Level
 Blink                    Tloc           14%        N/A       30%         2
 Gell's Gravitas          Tloc           7%         N/A       52%         3
 Lesser Beckoning         Tloc           7%         N/A       52%         3
 Teleport Other           Tloc           7%         N/A       52%         3
 Manifold Assault         Tloc           7%         N/A       99%         5

Inventory:

Hand Weapons
 j - a +0 mace
 Y - a +0 hand axe (weapon)
Missiles
 c - 3 boomerangs (quivered)
Armour
 f - a +0 ring mail (worn)
 k - a +0 cloak
Jewellery
 e - a +4 ring of protection (left hand)
Scrolls
 a - a scroll of teleportation
 m - a scroll of identify
Potions
 b - a potion of berserk rage {unknown}
 d - a potion of lignification {unknown}
 g - a potion of degeneration {unknown}
 h - a potion of flight {unknown}
 i - a potion of curing
 l - a potion of cancellation {unknown}

Dungeon Overview and Level Annotations

Branches:
Dungeon (3/15)

Altars:


Message History

The orc priest barely misses you.
The iguana hisses menacingly.
The iguana barely misses you.
You hit the iguana but do no damage. You claw the iguana.
The iguana is heavily wounded.
You hit the orc priest.
The orc priest hits you but does no damage.
The iguana barely misses you.
You closely miss the orc priest.
You claw the orc priest, but do no damage.
The orc priest is heavily wounded.
You hit the iguana.
The orc priest looks braver for a moment.
The iguana bites you.
You hit the iguana but do no damage.
The iguana is almost dead.
You hit the orc priest but do no damage.
The orc priest hits you with a +0 dagger.
The iguana bites you.
You hit the iguana but do no damage.
The iguana is almost dead.
You hit the orc priest.
The orc priest looks encouraged for a moment.
The iguana bites you but does no damage.
You hit the iguana but do no damage.
The iguana is almost dead.
You hit the orc priest but do no damage.
The orc priest hits you but does no damage.
The iguana bites you.
3022 ||| READING 2 scrolls of teleportation.
As you read the scroll of teleportation, it crumbles to dust.
You feel strangely unstable.
The orc priest hits you with a +0 dagger.
The iguana completely misses you.
You hit the iguana but do no damage. Your peck misses the iguana.
The iguana is almost dead.
You barely miss the orc priest.
The endoplasm jiggles.
The orc priest hits you with a +0 dagger.
You die... #.# #.# ##.## ##...## ## ..... .. ooo

##. #o#
#...##@####.##
#.....!lJ.....
#...##.####.##
### #.# #.#
#.# #.#
######.# ####
#......# ...


You could see an iguana, an orc priest, 3 orcs and an endoplasm.

Vanquished Creatures
  4 adders
  4 worms (D:2)
  2 dart slugs
  An orc (D:3)
  6 endoplasms
  9 goblins
  3 hobgoblins
  2 kobolds
  8 ball pythons
  8 bats
  6 frilled lizards
  4 rats (D:2)
57 creatures vanquished.

Notes
Turn   | Place    | Note
-------+----------+-------------------------------------------
     0 | D:1      | qw the Tengu Warper began the quest for the Orb.
     0 | D:1      | Reached XP level 1. HP: 12/12 MP: 4/4
     0 | D:1      | 0 ||| qw: Version: 0.1-a-89-g26bdef1
     0 | D:1      | 0 ||| qw: Game counter: 630
     0 | D:1      | 0 ||| qw: Always use a shield: true
     0 | D:1      | 0 ||| qw: God list: Okawaru
     0 | D:1      | 0 ||| qw: Allow faded altars: false
     0 | D:1      | 0 ||| qw: Do Orc after D:15 true
     0 | D:1      | 0 ||| qw: Do second Lair branch before Depths: true
     0 | D:1      | 0 ||| qw: Lair rune preference: random
     0 | D:1      | 0 ||| qw: Plans: Normal
     0 | D:1      | 0 ||| PLANNING D:1-11
   195 | D:1      | 195 ||| Stepping ~*~*~tactically~*~*~ (hiding).
   297 | D:1      | 297 ||| Stepping ~*~*~tactically~*~*~ (hiding).
   399 | D:1      | 399 ||| Stepping ~*~*~tactically~*~*~ (hiding).
   501 | D:1      | 501 ||| Stepping ~*~*~tactically~*~*~ (hiding).
   514 | D:1      | Reached skill level 3 in Axes
   514 | D:1      | Reached XP level 2. HP: 8/17 MP: 6/6
   859 | D:1      | Found a faded altar of an unknown god.
   861 | D:1      | 861 ||| UPGRADING to +4 ring of protection.
   862 | D:1      | 862 ||| READING scroll labelled PEXEVYIWIO.
  1171 | D:1      | 1171 ||| Stepping ~*~*~tactically~*~*~ (stealth).
  1175 | D:1      | 1175 ||| Stepping ~*~*~tactically~*~*~ (stealth).
  1204 | D:1      | 1204 ||| Stepping ~*~*~tactically~*~*~ (stealth).
  1205 | D:1      | 1205 ||| Stepping ~*~*~tactically~*~*~ (stealth).
  1209 | D:1      | 1209 ||| DROPPING +0 club.
  1279 | D:1      | 1279 ||| Stepping ~*~*~tactically~*~*~ (stealth).
  1338 | D:1      | 1338 ||| Stepping ~*~*~tactically~*~*~ (stealth).
  1515 | D:1      | Reached XP level 3. HP: 21/21 MP: 7/7
  1692 | D:1      | Reached skill level 4 in Axes
  1806 | D:1      | 1806 ||| UPGRADING to +0 ring mail.
  1816 | D:1      | 1816 ||| DROPPING +0 leather armour.
  1817 | D:1      | 1817 ||| DROPPING +6 ring of intelligence.
  1818 | D:1      | 1818 ||| DRINKING 2 red potions.
  1819 | D:1      | 1819 ||| DROPPING scroll of blinking.
  1992 | D:2      | 1992 ||| Stepping ~*~*~tactically~*~*~ (stealth).
  2252 | D:2      | Reached XP level 4. HP: 22/26 MP: 8/8
  2569 | D:2      | Reached skill level 5 in Axes
  2654 | D:2      | 2654 ||| Stepping ~*~*~tactically~*~*~ (stealth).
  2656 | D:2      | 2656 ||| Stepping ~*~*~tactically~*~*~ (hiding).
  2912 | D:2      | 2912 ||| READING scroll labelled UREARUC PAECW.
  3021 | D:3      | HP: 5/26 [iguana (5)]
  3022 | D:3      | 3022 ||| READING 2 scrolls of teleportation.
  3022 | D:3      | HP: 2/26 [orc priest/+0 dagger (3)]
  3023 | D:3      | Slain by an orc priest

Levels and vault maps discovered:
D:1:      amcnicky_arrival_gap_in_the_tavern_cellar, layout_loops_corners,
          hellmonk_ecumenical_altar_inner_sanctum
D:2:      minmay_skewed_foursquare, layout_basic
D:3:      layout_loops_corners, riverfiend_overflow_shadow_ancestor,
          minmay_misc_feat_plants, minmay_joined_circles, uniq_terence

Skill      XL: |  1  2  3  4 |
---------------+-------------+-----
Axes           | 3 4 5 |  5.4
Fighting       | |  2.0
Throwing       | |  1.0
Armour         | |  1.1
Dodging        | |  2.1
Spellcasting   | |  2.0
Translocations | |  2.4

Action                   |  1- 3 |  4- 6 || total
-------------------------+-------+-------++-------
Melee: Hand axe          |    87 |    58 ||   145
       Kick              |    20 |    16 ||    36
       Peck              |    14 |    10 ||    24
       Punch             |     1 |       ||     1
Throw: Boomerang         |     7 |     8 ||    15
  Use: Scroll            |     1 |     2 ||     3
       Potion            |     1 |       ||     1
Armor: Leather armour    |    13 |       ||    13
       Ring mail         |    13 |    17 ||    30
Dodge: Dodged            |    35 |    31 ||    66

Table legend:
 A = Non-vault XP
 B = Vault XP
 C = Vault XP percentage of total XP
 D = Non-vault monster count
 E = Vault monster count
 F = Vault count percentage of total count
                 A         B        C        D         E       F
            +---------+---------+-------+---------+---------+-------
      Total |     113 |      42 |  27.1 |      48 |       9 |  15.8
            +---------+---------+-------+---------+---------+-------
        D:1 |      45 |       0 |   0.0 |      26 |       0 |   0.0
        D:2 |      49 |      42 |  46.2 |      18 |       9 |  33.3
        D:3 |      19 |       0 |   0.0 |       4 |       0 |   0.0
            +---------+---------+-------+---------+---------+-------
